 Dungeon Crawl Stone Soup version 0.28.0-45-g0d030f2227 (webtiles) character file.

Game seed: 6840475967033321644

36 McKennaii the Skirmisher (level 3, -2/31 HPs)
             Began as a Demigod Fighter on Apr 18, 2022.
             Slain by a gnoll
             ... wielding a +0 whip
              (6 damage)
             ... on level 1 of the Dungeon.
             The game lasted 00:00:46 (880 turns).

McKennaii the Skirmisher (Demigod Fighter)           Turns: 880, Time: 00:00:47

Health: -2/31      AC:  7    Str: 21    XL:     3   Next: 5%
Magic:  5/5        EV:  9    Int: 10    God:
Gold:   49         SH:  4    Dex: 13    Spells: 2/2 levels left

rFire   . . .      SeeInvis .   a - +0 trident
rCold   . . .      Faith    .   c - +0 buckler
rNeg    . . .      Spirit   .   b - +0 scale mail
rPois   .          Reflect  .   f - +0 helmet
rElec   .          Harm     .   (no cloak)
rCorr   .          Rampage  .   (no gloves)
Will    .....                   (no boots)
Stlth   ..........              (no amulet)
HPRegen 0.10/turn               (no ring)
MPRegen 0.09/turn               (no ring)

@: no status effects
A: high MP 1, forlorn, divine attributes
a: no special abilities


You were on level 1 of the Dungeon.
You visited 1 branch of the dungeon, and saw 2 of its levels.

You collected 49 gold pieces.

Inventory:

Hand Weapons
 a - a +0 trident (weapon)
Armour
 b - a +0 scale mail (worn)
 c - a +0 buckler (worn)
 f - a +0 helmet (worn)
Scrolls
 e - a scroll of teleportation {unknown}
 g - a scroll of immolation {unknown}
 h - a scroll of blinking {unknown}
 i - a scroll of fog {unknown}
Potions
 d - a potion of might
 j - a potion of invisibility {unknown}


   Skills:
 + Level 3.1 Fighting
 + Level 2.2 Polearms
 + Level 3.0 Armour
 + Level 3.0 Shields


You had 2 spell levels left.
You didn't know any spells.
Your spell library was empty.

Dungeon Overview and Level Annotations

Branches:
Dungeon (2/15)


Innate Abilities, Weirdness & Mutations

You have an increased reservoir of magic. (+10% MP)
You shall have no god before yourself.
Your divine heritage dramatically boosts your attributes as you level up.


Message History

You block the gnoll's attack.
You hit the gnoll.
The gnoll is heavily wounded.
The gnoll hits you but does no damage.
You hit the gnoll.
The gnoll is severely wounded.
The gnoll hits you but does no damage. x2
You hit the gnoll.
You kill the gnoll!
You have reached level 3!
Your experience leads to a dramatic increase in your attributes!
Increase (S)trength, (I)ntelligence, or (D)exterity?
You feel stronger. x4
You start resting.
HP restored.
You climb downwards.
The gnoll barely misses you.
There is a stone staircase leading up here.
Unknown command.
You reach to attack!
You hit the gnoll.
The gnoll is heavily wounded.
You block the gnoll's attack.
The gnoll hits you from afar with a +0 spear.
You reach to attack!
You hit the gnoll.
The gnoll is almost dead.
The gnoll hits you from afar with a +3 spear of freezing.
The gnoll freezes you. The gnoll hits you but does no damage.
You reach to attack!
You barely miss the gnoll.
The gnoll is almost dead.
The gnoll hits you from afar with a +3 spear of freezing.
The gnoll freezes you. The gnoll hits you but does no damage.
Unknown command.
The gnoll hits you from afar with a +3 spear of freezing!
* * * LOW HITPOINT WARNING * * *
The gnoll freezes you.
* * * LOW HITPOINT WARNING * * *
The gnoll hits you but does no damage.
You climb upwards.
There is a stone staircase leading down here.
You completely miss the gnoll. The gnoll hits you with a +0 whip.
You die...

##..#...#..# #.# ###.###
#..###..#.# #####.# #...# #..#
##.#.# ###.....###...### ##..#
#.#.######...######....... #...#
#..........#####....#####. #.#.#
###........###......# ##.
#.#)########...........########..
..#............).g.##### #.......
...)...........#@.## ####...####
##..########.###..#####....### #
#...#######..###....##...### #
.....##.......####..#....# ##
#..#.##...............#### #.
...#..#.........#...#### ###
.#..............#).....########.#
#####.....>.....#......##.....##.
######.##.................#######


You could see a gnoll.

Vanquished Creatures
  A gnoll (D:1)
  An endoplasm (D:1)
  A goblin (D:1)
  A hobgoblin (D:1)
  8 jackals (D:1)
  A kobold (D:1)
  A quokka (D:1)
  4 ball pythons (D:1)
  2 bats (D:1)
  2 frilled lizards (D:1)
  2 rats (D:1)
24 creatures vanquished.

Notes
Turn   | Place    | Note
-------+----------+-------------------------------------------
     0 | D:1      | McKennaii the Demigod Fighter began the quest for the Orb.
     0 | D:1      | Reached XP level 1. HP: 18/18 MP: 3/3
   144 | D:1      | Reached XP level 2. HP: 16/25 MP: 4/4
   796 | D:1      | Reached XP level 3. HP: 23/31 MP: 5/5
   880 | D:1      | Slain by a gnoll

Illustrated notes

Levels and vault maps discovered:
D:1:      dpeg_arrival_radiant, layout_rooms
D:2:      layout_basic, hellmonk_ecumenical_altar_watching_god,
          grunt_decor_junction

Skill      XL: |  1  2 |
---------------+-------+-----
Polearms       | 2 |  2.2
Fighting       | 3 |  3.1
Shields        | 3 |  3.0
Armour         | 3 |  3.0

Action                   || total
-------------------------++-------
Melee: Trident           ||    66
Armor: Scale mail        ||    35
Dodge: Dodged            ||    30
Block: Buckler           ||    18
